 Dungeon Crawl Stone Soup version 0.16-a0-44-gd96af6c (webtiles) character file.

457 Ololoev the Quickloader (level 6, -1/47 HPs)
             Began as a Centaur Hunter on Aug 5, 2014.
             Slain by a water moccasin (3 damage)
             ... on Level 7 of the Dungeon.
             The game lasted 00:13:45 (5273 turns).

Ololoev the Quickloader (Centaur Hunter)            Turns: 5273, Time: 00:13:45

HP  -1/47        AC  5     Str 15      XL: 6   Next: 77%
MP   5/5         EV  9     Int 10      God:
Gold 154         SH  0     Dex 11      Spells:  0 memorised,  5 levels left

rFire  . . .     SeeInvis .     y - +0 dagger (speed)
rCold  . . .     Clarity  .     d - +0 leather armour
rNeg   . . .     rCorr    .     (no shield)
rPois  .         rRot     .     (no helmet)
rElec  .         Spirit   .     m - +0 cloak
SustAb .         Warding  .     (no gloves)
rMut   .         Stasis   .     (no barding)
Gourm  .                        (no amulet)
MR     .....                    (no ring)
                                o - ring of invisibility

@: lethally poisoned, very quick, not resistant to hostile enchantments, very
unstealthy
A: hooves 3, deformed body, speed 2, tough skin 3
a: Evoke Invisibility


You were on level 7 of the Dungeon.
You were not hungry.

You visited 1 branch of the dungeon, and saw 5 of its levels.

You collected 154 gold pieces.

Inventory:

Hand weapons
 b - a +1 hand crossbow
 y - a +0 dagger of speed (weapon)
Missiles
 c - 39 bolts
 n - 14 bolts of frost
Armour
 d - a +0 leather armour (worn)
 m - a +0 cloak (worn)
Comestibles
 f - 2 bread rations
 j - a meat ration
 l - a beef jerky
Scrolls
 g - 5 scrolls of remove curse
 h - 2 scrolls of teleportation {unknown}
 p - 3 scrolls of identify {unknown}
 s - 2 scrolls of immolation {unknown}
 w - a scroll of amnesia {unknown}
Jewellery
 o - a ring of invisibility (left hand)
Potions
 a - a potion of curing {unknown}
 i - 3 potions of might
 k - 2 potions of restore abilities {unknown}
 q - a potion of haste {unknown}
 t - 2 potions of magic {unknown}
 u - a potion of cure mutation {unknown}
 v - a potion of confusion {unknown}
 x - a potion of heal wounds {unknown}


   Skills:
 - Level 1.0 Fighting
 + Level 9.0 Crossbows
 - Level 1.3 Dodging
 - Level 0.5 Stealth


You had 5 spell levels left.
You didn't know any spells.

Dungeon Overview and Level Annotations

Branches:
Dungeon (7/15)
 Temple: D:4-7

Altars:
Sif Muna
Trog
Xom
Zin

Annotations:
D:3 Prince Ribbit


Innate Abilities, Weirdness & Mutations

You have hooves in place of feet.
Armour fits poorly on your strangely shaped body.
You cover ground very quickly.
You have extremely tough skin (AC +3).


Message History

The water moccasin is lightly wounded.
You hit the water moccasin.
The water moccasin is lightly wounded.
You feel sick. The water moccasin bites you.
You miss the water moccasin. Your kick misses the water moccasin.
The water moccasin is lightly wounded.
You feel sick. The water moccasin bites you.
* * * LOW HITPOINT WARNING * * *
You feel sick.
You feel sick.
You feel sick.
You feel sick.
You feel sick. The water moccasin bites you.
* * * LOW HITPOINT WARNING * * *
You are more poisoned.
The water moccasin poisons you!
* * * LOW HITPOINT WARNING * * *
You feel sick. The water moccasin bites you.
You die...

........#*,
,.....,#.#.#.#......$
#.......#*,,,
,...##.#.#.#.#.####
........####*####.##.#.#.#.#(# *
...........###≈≈≈≈≈........#(#
#.............≈###≈..#.#.###.# *
..............≈#_#≈..#.#.# (# *
#...........##≈#'#≈..#+#.# *(# *
#.............≈≈.S≈......##*.# *
##.......######.@..........#.***
##........# #.#..........,,,,,,
#...#.##.####.######+#...,,,,,,
#...+.......#.# *,#...,,, ,,
###...#.##.##.#.# ****,,,,,, ,,
..'.........#.#.# **,,,,*,,,,,,,
###......#....#.# *,,, ,,,,,,,,,
*,.......#.####.# *, ,,,,,, ,,,,
**.###.#.....%..# *,******,,,,,,


You could see a water moccasin.

Vanquished Creatures
  A scorpion (D:4)
  A jelly (D:7)
  Crazy Yiuf (D:2)
  An iguana (D:3)
  3 worker ants
  13 adders
  A gnoll (D:2)
  3 worms
  The ghost of Charly the Ruffian, a weakling NaMo (D:4)
  An iguana skeleton (D:4)
  2 giant geckos
  2 oozes
  An orc (D:3)
  6 bats
  6 giant cockroaches
  13 hobgoblins
  6 jackals
  3 quokkas
  4 giant newts
  14 goblins
  11 kobolds
  13 rats
  A fungus (D:2)
108 creatures vanquished.

Notes
Turn   | Place    | Note
--------------------------------------------------------------
     0 | D:1      | Ololoev, the Centaur Hunter, began the quest for the Orb.
     0 | D:1      | Reached XP level 1. HP: 16/16 MP: 1/1
   110 | D:1      | Reached XP level 2. HP: 18/23 MP: 2/2
   307 | D:1      | Reached skill level 5 in Crossbows
   723 | D:2      | Noticed Crazy Yiuf
   752 | D:2      | Killed Crazy Yiuf
   752 | D:2      | Reached XP level 3. HP: 28/28 MP: 3/3
   920 | D:2      | Reached skill level 6 in Crossbows
  1328 | D:2      | Reached XP level 4. HP: 35/35 MP: 3/3
  1758 | D:2      | Found a bloodstained altar of Trog.
  2081 | D:2      | Reached skill level 7 in Crossbows
  2081 | D:2      | Reached XP level 5. HP: 22/40 MP: 4/4
  3165 | D:3      | Found a glowing silver altar of Zin.
  3320 | D:3      | Reached skill level 8 in Crossbows
  3327 | D:3      | Reached XP level 6. HP: 41/47 MP: 5/5
  3968 | D:4      | Noticed Prince Ribbit
  4686 | D:4      | Noticed Charly's ghost (weakling NaMo)
  4704 | D:4      | Killed Charly's ghost
  4953 | D:4      | Found a shimmering altar of Xom.
  4959 | D:4      | Found a shimmering altar of Xom.
  4959 | D:4      | Found a shimmering altar of Xom.
  4960 | D:4      | Found a shimmering altar of Xom.
  4984 | D:4      | Found a shimmering altar of Xom.
  4984 | D:4      | Found a shimmering altar of Xom.
  5004 | D:4      | You fall through a shaft for 3 floors!
  5197 | D:7      | Reached skill level 9 in Crossbows
  5209 | D:7      | Found a deep blue altar of Sif Muna.
  5247 | D:7      | Noticed a water moccasin
  5273 | D:7      | HP: 2/47 [poisoned by a water moccasin]
  5273 | D:7      | Slain by a water moccasin

Action                   |  1- 3 |  4- 6 || total
-------------------------+-------+-------++-------
Melee: Short sword       |   105 |   247 ||   352
       Dagger            |       |    43 ||    43
 Fire: Hand crossbow     |    15 |    33 ||    48
Evoke: Wand              |       |    14 ||    14
  Use: Scroll            |     1 |     1 ||     2
 Stab: Confused          |       |     2 ||     2
  Eat: Chunk             |       |     9 ||     9
       Beef jerky        |       |     2 ||     2
